 Dungeon Crawl Stone Soup version 0.30-a0-1018-g25214051b3 (webtiles) character file.

Game seed: 13130354485217183332

5 holysushi the Chopper (level 1, 0/19 HPs)
             Began as a Hill Orc Monk on Apr 8, 2023.
             Slain by a kobold
             ... wielding a +0 club
              (2 damage)
             ... on level 1 of the Dungeon.
             The game lasted 00:00:09 (27 turns).

holysushi the Chopper (Hill Orc Monk)                 Turns: 27, Time: 00:00:10

Health: 0/19       AC:  2    Str: 13    XL:     1   Next: 80%
Magic:  1/1        EV: 12    Int: 10    God:
Gold:   0          SH:  0    Dex: 13    Spells: 0/0 levels left

rFire   . . .      SeeInvis .    a - +0 hand axe
rCold   . . .      Faith    .    (no shield)
rNeg    . . .      Spirit   .    b - +0 robe
rPois   .          Reflect  .    (no helmet)
rElec   .          Rampage  .    (no cloak)
rCorr   .                        (no gloves)
Will    .....                    (no boots)
Stlth   ++                       (no amulet)
HPRegen 0.23/turn                (no ring)
MPRegen 0.07/turn                (no ring)

@: no status effects
A: no striking features
a: no special abilities


You were on level 1 of the Dungeon.
You visited 1 branch of the dungeon, and saw 1 of its levels.

Inventory:

Hand Weapons
 a - a +0 hand axe (weapon)
Armour
 b - a +0 robe (worn)
Scrolls
 d - a scroll of teleportation {unknown}
Potions
 c - a potion of ambrosia


   Skills:
 - Level 3.6 Fighting
 + Level 4.5 Axes
 - Level 2.4 Dodging
 - Level 1.5 Stealth


You couldn't memorise any spells.
You didn't know any spells.
Your spell library was empty.

Dungeon Overview and Level Annotations

Branches:
Dungeon (1/15) Zot: 5970

Altars:
Xom


Message History

There are monsters nearby!
A quokka comes into view.
Found a leather armour and a ring mail.
The goblin shouts!
A giant cockroach comes into view.
A kobold comes into view. It is wielding a +0 club.
An endoplasm comes into view.
The dart slug launches a dart at you. The slug dart misses you.
Found 16 gold pieces.
The kobold shouts!
The endoplasm quivers.
You hit the goblin.
You kill the goblin!
The dart slug launches a dart at you. The slug dart hits you.
You hit the quokka.
You kill the quokka!
You hit the endoplasm.
The endoplasm is severely wounded.
The kobold throws a stone.
The stone hits you.
The endoplasm hits you but does no damage.
You completely miss the endoplasm.
The endoplasm is severely wounded.
The endoplasm freezes you.
You are frozen.
You are too injured to fight recklessly!
You are too injured to fight recklessly!
You are too injured to fight recklessly!
You are too injured to fight recklessly!
You closely miss the kobold. You hit the endoplasm.
You kill the endoplasm!
The kobold hits you with a +0 club. The dart slug launches a dart at you.
The slug dart hits you.
* * * LOW HITPOINT WARNING * * *
The kobold hits you but does no damage.
You are too injured to fight recklessly!
You barely miss the kobold. The kobold hits you with a +0 club.
You die...

#.......######.
#.......##.....
#..$.....$.#
#.......#.####
#.....[.#....#
#..........#.
#......#.### .
#....###..?#
#.... #[#@#...#
#.... #..K.w#.#
###.#.[.#.#)#
.# #.##$B.## #B
##. . .. #. .#
##


You could see a dart slug, a giant cockroach and a kobold.

Vanquished Creatures
  An endoplasm (D:1)
  A giant cockroach (D:1)
  A goblin (D:1)
  A quokka (D:1)
4 creatures vanquished.

Notes
Turn   | Place    | Note
-------+----------+-------------------------------------------
     0 | D:1      | holysushi the Hill Orc Monk began the quest for the Orb.
     0 | D:1      | Reached XP level 1. HP: 19/19 MP: 1/1
     9 | D:1      | Found a shimmering altar of Xom.
    27 | D:1      | Slain by a kobold

Illustrated notes

Levels and vault maps discovered:
D:1:      grunt_arrival_lava_bath, layout_rooms, serial_bayou_pond_d,
          minmay_hexomino_r4

Action                     || total
---------------------------++-------
  Melee: Hand axe          ||    12
 Armour: Robe              ||     3
  Dodge: Dodged            ||     2

Table legend: (Time is in decaauts)
 A = Elapsed time spent in this place.
 B = Non-inter-level travel time spent in this place.
 C = Inter-level travel time spent in this place.
 D = Time resting spent in this place.
 E = Time spent auto-exploring this place.
 F = Levels seen in this place.
 G = Mean time per level.
                   A        B        C        D        E       F      G
               +--------+--------+--------+--------+--------+-----+--------+
         Total |     28 |     28 |      0 |      0 |      5 |   1 |   28.0 |
       Dungeon |     28 |     28 |      0 |      0 |      5 |   1 |   28.0 |
               +--------+--------+--------+--------+--------+-----+--------+

Top non-repeatable levels by time:
     D:1: 28 daAuts
